 Dungeon Crawl Stone Soup version 0.18.1-8-gdd0e5ea (webtiles) character file.

58 Liquid the Ducker (level 3, 0/17 HPs)
             Began as a Felid Monk on May 24, 2016.
             Slain by a gnoll
             ... wielding a +1 spear of flaming
              (12 damage)
             ... on level 2 of the Dungeon.
             The game lasted 00:07:23 (2159 turns).

Liquid the Ducker (Felid Monk)                      Turns: 2159, Time: 00:07:24

Health: 0/17       AC:  1    Str:  7    XL:     3   Next: 76%
Magic:  4/4        EV: 21    Int: 11    God:
Gold:   72         SH:  0    Dex: 19    Spells: 0 memorised, 2 levels left
                                        Lives:  0   Deaths: 1

rFire  . . .     SeeInvis +       - Unarmed
rCold  . . .     Gourm    .     (armour unavailable)
rNeg   . . .     Faith    .     (shield unavailable)
rPois  .         Spirit   .     (helmet unavailable)
rElec  .         Dismiss  .     (cloak unavailable)
rCorr  .         Reflect  .     (gloves unavailable)
SustAt .         Harm     .     (boots unavailable)
MR     .....                    (no amulet)
Stlth  +++.......               (no ring)
                                (no ring)

@: quick, not resistant to hostile enchantments, fairly stealthy
A: no armour, no weapons or thrown items, claws 1, fangs 3, see invisible,
carnivore 3, speed 1, shaggy fur 1, slow metabolism 1, sharp paws
a: no special abilities


You were on level 2 of the Dungeon.
You were not hungry.

You visited 1 branch of the dungeon, and saw 2 of its levels.

You collected 72 gold pieces.

Inventory:

Hand Weapons
 g - a +0 club
Jewellery
 f - an uncursed ring of ice
Scrolls
 b - 3 scrolls of identify {unknown}
 e - a scroll of noise {unknown}
 h - a scroll of fear {unknown}
Potions
 c - a potion of mutation {unknown}
 d - a potion of degeneration {unknown}
Comestibles
 a - a meat ration


   Skills:
 + Level 3.6 Fighting
 * Level 5.2 Dodging
 + Level 3.5 Stealth
 + Level 4.6 Unarmed Combat


You had 2 spell levels left.
You didn't know any spells.

Dungeon Overview and Level Annotations

Branches:
Dungeon (2/15)

Altars:

Annotations:
D:2 Crazy Yiuf


Innate Abilities, Weirdness & Mutations

You cannot wear armour.
You are incapable of wielding weapons or throwing items.
You have sharp claws.
You have razor-sharp teeth.
You have supernaturally acute eyesight.
You are carnivorous and can eat meat at any time.
You cover ground quickly.
You are covered in fur (AC +1).
You have a slow metabolism.
Your sharp claws are effective at attacking unaware monsters.


Message History

You scratch the gnoll but do no damage.
The gnoll is lightly wounded.
The gnoll closely misses you.
You barely miss the gnoll. You bite the gnoll.
The gnoll is lightly wounded.
The gnoll completely misses you.
You scratch the gnoll.
The gnoll is moderately wounded.
The gnoll barely misses you.
You scratch the gnoll but do no damage. Your claw misses the gnoll.
The gnoll is moderately wounded.
The gnoll barely misses you.
You scratch the gnoll but do no damage.
The gnoll is moderately wounded.
The gnoll closely misses you.
You scratch the gnoll. Your bite misses the gnoll.
The gnoll is moderately wounded.
The gnoll hits you with a spear of flaming!
Ouch! That really hurt!
You die...

###################
#.................#
#.####....@..####g# #.#
#..###g.####.## #(# #..#
#........# #.####..#
#)#####(.# #.##....# #.#
#..# #.##.##.###.#####..#
#.##.##............#
#.##.######.######.######
#.##.# #.# #......#


You could see a gnoll.

Vanquished Creatures
  3 gnolls (D:2)
  2 adders (D:2)
  4 worms (D:2)
  2 dart slugs (D:1)
  A giant cockroach (D:1)
  8 goblins
  6 hobgoblins
  2 jackals (D:1)
  A quokka (D:2)
  2 bats
  4 kobolds
  4 rats
39 creatures vanquished.

Notes
Turn   | Place    | Note
--------------------------------------------------------------
     0 | D:1      | Liquid the Felid Monk began the quest for the Orb.
     0 | D:1      | Reached XP level 1. HP: 10/10 MP: 2/2
   276 | D:1      | Reached XP level 2. HP: 12/14 MP: 3/3
   837 | D:2      | Reached XP level 3. HP: 9/17 MP: 4/4
  1822 | D:2      | Noticed Crazy Yiuf
  1901 | D:2      | Reached XP level 4. HP: 19/21 MP: 5/5
  1911 | D:2      | Slain by Crazy Yiuf
  1912 | D:2      | Reached XP level 3. HP: 0/17 MP: 4/4
  1951 | D:2      | Reached skill level 5 in Dodging
  2159 | D:2      | Slain by a gnoll

Skill      XL: |  1  2  3 |
---------------+----------+-----
Stealth        | 3 |  3.5
Dodging        | 5 |  5.2
Fighting       | |  3.6
Unarmed Combat | |  4.6

Action                   |  1- 3 |  4- 6 || total
-------------------------+-------+-------++-------
Melee: Unarmed           |   117 |     1 ||   118
       Bite              |    10 |       ||    10
       Punch             |     2 |       ||     2
 Stab: Sleeping          |    10 |       ||    10
       Distracted        |     1 |       ||     1
  Eat: Chunk             |     8 |       ||     8
Dodge: Dodged            |    70 |       ||    70
